 Dungeon Sprint DCSS version 0.27-a0-633-gc6addc0a40 (webtiles) character file.

Game seed: 2960251125422670776

357 rocky1 the Cleaver (level 6, -5/61 HPs)
             Began as a Minotaur Gladiator on Mar 14, 2021.
             Was a Follower of Okawaru.
             Killed by nerve-wracking pain
             ... invoked by an orc priest
              (13 damage)
             ... in the Dungeon (Sprint VII: "The Pits").
             The game lasted 00:02:02 (357 turns).

rocky1 the Cleaver (Minotaur Gladiator)              Turns: 357, Time: 00:02:04

Health: -5/61      AC:  8    Str: 21    XL:     6   Next: 36%
Magic:  4/7        EV: 13    Int:  5    God:    Okawaru [*.....]
Gold:   0          SH:  0    Dex: 11    Spells: 5/5 levels left

rFire    + . .     SeeInvis .   o - +1 hand axe (vorpal)
rCold    . . .     Faith    .   (no shield)
rNeg     . . .     Spirit   .   n - +2 ring mail {rF+}
rPois    .         Reflect  .   c - +0 hat
rElec    .         Harm     .   (no cloak)
rCorr    .         Rampage  .   (no gloves)
Will     .....     NoTele   +   (no boots)
Stlth    +.........             (no amulet)
HPRegen  0.20/turn              (no ring)
MPRegen  0.10/turn              (no ring)

@: berserk cooldown, very slightly contaminated, slowed, invisible, very slow
A: horns 2, retaliatory headbutt
a: Renounce Religion, Heroism


You were in the Dungeon.
You worshipped Okawaru.
Okawaru was aware of your devotion.
You visited 1 branch

Inventory:

Hand Weapons
 a - a +0 long sword of holy wrath
 o - a +1 vorpal hand axe (weapon)
Missiles
 d - 3 throwing nets (quivered)
Armour
 c - a +0 hat (worn)
 n - a +2 ring mail of fire resistance (worn)
Scrolls
 j - a scroll of blinking
 l - 5 scrolls of amnesia
 m - a scroll of summoning
Potions
 e - 6 potions of curing
 f - 5 potions of heal wounds
 g - a potion of haste
 h - 4 potions of magic
 i - 2 potions of berserk rage
 k - a potion of invisibility


   Skills:
 + Level 8.3 Fighting
 + Level 8.7 Axes
 - Level 2.0 Throwing
 + Level 7.8 Armour
 + Level 8.0 Dodging
 + Level 3.0 Invocations


You had 5 spell levels left.
You didn't know any spells.
Your spell library was empty.

Dungeon Overview and Level Annotations

Branches:
Dungeon (1/1)

Altars:
Ashenzari
Cheibriados
Dithmenos
Elyvilon
Fedhas
Gozag
Hepliaklqana
Kikubaaqudgha
Makhleb
Nemelex Xobeh
Okawaru
Qazlal
Ru
Sif Muna
Trog
Uskayaw
Vehumet
Wu Jian
Xom
Yredelemnul
Zin
The Shining One
Beogh
Jiyva
Lugonu

Annotations:
D Sigmund


Innate Abilities, Weirdness & Mutations

You have a pair of horns on your head.
You reflexively headbutt those who attack you in melee.


Message History

Your Fighting skill increases to level 8!
You barely miss Jessica.
Jessica is almost dead.
Sigmund shouts!
The gnoll shaman shouts!
The gnoll shouts! x2
Unknown command.
You slash the gnoll!
You kill the gnoll!
Okawaru accepts your kill.
You hit Jessica.
You kill Jessica!
Okawaru accepts your kill.
The gnoll shaman shouts!
The gnoll shouts! x2
Your Dodging skill increases to level 8!
Your Invocations skill increases to level 3!
Unknown command.
The gnoll shaman shouts!
The orc priest miscasts a cantrip.
The orc misses you.
Things that are here:
a +0 spear; a +0 dagger; a +0 robe You slash the orc!
You kill the orc!
Okawaru accepts your kill.
You slash the orc priest!
You are no longer berserk.
You are exhausted.
You feel yourself slow down.
The gnoll shaman invokes the aid of its god against you.
The gnoll is outlined in light.
The orc priest calls down the wrath of Beogh upon you.
Beogh smites you!
* * * LOW HITPOINT WARNING * * *
You barely miss the orc priest.
The orc priest is severely wounded.
You hit the gnoll. The gnoll hits you.
* * * LOW HITPOINT WARNING * * *
A gnoll comes into view. It is wielding a +0 spear.
The orc priest calls down the wrath of Beogh upon you.
Pain shoots through your body!
You die...

#.#.....#))#####'##
#.###'###).##......
#.#รท....#)[##......
#.#.....#..##......
#.####)##'###...<..
#.#........##......
#.#........##......
#)###########......
#[@gg.g.# #######
#.o###g.# #..M ##@##
... ..# ... ####


You could see Sigmund, a gnoll shaman, a mummy, an orc priest and 3 gnolls.

Vanquished Creatures
  A floating eye (D)
  An orc warrior (D)
  An orc priest (D)
  Jessica (D)
  2 orc wizards (D)
  A worker ant (D)
  A gnoll (D)
  A river rat (D)
  An ufetubus (D)
  An adder skeleton (D)
  5 orcs (D)
  A bat (D)
  A quokka (D)
  A ball python (D)
  A frilled lizard (D)
20 creatures vanquished.

Notes
Turn   | Place    | Note
-------+----------+-------------------------------------------
     0 | D        | rocky1 the Minotaur Gladiator began the quest for the Orb.
     0 | D        | Reached XP level 1. HP: 18/18 MP: 0/0
    42 | D        | Found a bloodstained altar of Trog.
    42 | D        | Found a shimmering blue altar of Sif Muna.
    42 | D        | Found a viscous altar of Jiyva.
    42 | D        | Found a hazy altar of Hepliaklqana.
    42 | D        | Found an opulent altar of Gozag.
    43 | D        | Found a glowing golden altar of the Shining One.
    43 | D        | Found a glowing silver altar of Zin.
    43 | D        | Found a basalt altar of Yredelemnul.
    43 | D        | Found a shimmering altar of Xom.
    43 | D        | Found an ornate altar of the Wu Jian Council.
    43 | D        | Found a sacrificial altar of Ru.
    43 | D        | Found a stormy altar of Qazlal.
    43 | D        | Found an iron altar of Okawaru.
    43 | D        | Found a sparkling altar of Nemelex Xobeh.
    43 | D        | Found a burning altar of Makhleb.
    43 | D        | Found a blossoming altar of Fedhas.
    43 | D        | Found a white marble altar of Elyvilon.
    43 | D        | Found a shadowy altar of Dithmenos.
    43 | D        | Found a snail-covered altar of Cheibriados.
    45 | D        | Found a radiant altar of Vehumet.
    45 | D        | Found a corrupted altar of Lugonu.
    46 | D        | Found a hide-covered altar of Uskayaw.
    46 | D        | Found an ancient bone altar of Kikubaaqudgha.
    46 | D        | Found a broken altar of Ashenzari.
    51 | D        | Became a worshipper of Warmaster Okawaru
    66 | D        | Noticed a floating eye
    69 | D        | Reached skill level 1 in Armour
    69 | D        | Killed a floating eye
    70 | D        | Reached skill level 5 in Fighting
    70 | D        | Reached skill level 5 in Armour
    70 | D        | Reached skill level 5 in Dodging
    70 | D        | Reached XP level 2. HP: 30/30 MP: 1/1
    70 | D        | Reached XP level 3. HP: 37/37 MP: 2/2
    70 | D        | Reached XP level 4. HP: 44/44 MP: 3/3
   109 | D        | Reached * piety under Okawaru
   110 | D        | Reached XP level 5. HP: 51/51 MP: 4/4
   335 | D        | Noticed an orc warrior
   335 | D        | Noticed Jessica
   349 | D        | Killed an orc warrior
   350 | D        | Reached XP level 6. HP: 31/61 MP: 4/6
   352 | D        | Noticed Sigmund
   354 | D        | Killed Jessica
   357 | D        | Killed from afar by an orc priest

Illustrated notes

Levels and vault maps discovered:
D:        pitsprint [storerooms_1, entrance_room_1, metal_vault_4, armoury_2,
          mini_pit_1, grid_room_1, main_hall_1, silver_pit, the_coven_2,
          the_vestibule_1, steel_vault_4, golden_pit, hallway_of_sentries,
          crystal_vault_1, iron_vault_4, final_vault]

Skill      XL: |  1  2  3  4  5  6 |
---------------+-------------------+-----
Fighting       | 5 6 7 8 |  8.3
Axes           | 6 7 8 |  8.7
Armour         | 5 7 |  7.8
Dodging        | 5 6 7 8 |  8.0
Invocations    | 2 3 |  3.0
Throwing       | |  2.0

Action                   |  1- 3 |  4- 6 || total
-------------------------+-------+-------++-------
Melee: War axe           |     4 |    22 ||    26
       Headbutt          |     1 |     4 ||     5
       Hand axe          |       |    13 ||    13
  Use: Potion            |       |     3 ||     3
 Stab: Sleeping          |     1 |       ||     1
Armor: Leather armour    |       |     2 ||     2
       Ring mail         |       |     2 ||     2
Dodge: Dodged            |       |    20 ||    20

Table legend: (Time is in decaauts)
 A = Elapsed time spent in this place.
 B = Non-inter-level travel time spent in this place.
 C = Inter-level travel time spent in this place.
 D = Time resting spent in this place.
 E = Time spent auto-exploring this place.
 F = Levels seen in this place.
 G = Mean time per level.
                   A        B        C        D        E       F      G
               +--------+--------+--------+--------+--------+-----+--------+
         Total |    356 |    300 |     56 |    125 |      0 |   1 |  356.0 |
       Dungeon |    356 |    300 |     56 |    125 |      0 |   1 |  356.0 |
               +--------+--------+--------+--------+--------+-----+--------+

Top non-repeatable levels by time:
       D: 356 daAuts
